 Dungeon Crawl Stone Soup version 0.31-a0-188-g5e087ee2ca (webtiles) character file.

Game seed: 6945200747797943376

22 qw the Shooter (level 2, 0/16 HPs)
             Began as a Deep Elf Hunter on June 22, 2023.
             Slain by a hobgoblin (2 damage)
             ... on level 1 of the Dungeon.
             The game lasted 00:00:15 (699 turns).

qw the Shooter (Deep Elf Hunter)                     Turns: 699, Time: 00:00:16

Health: 0/16       AC:  7    Str:  8    XL:     2   Next: 68%
Magic:  4/4        EV:  8    Int: 13    God:
Gold:   66         SH:  0    Dex: 18    Spells: 1/1 levels left

rFire   . . .        Y - +1 shortbow
rCold   . . .        (shield currently unavailable)
rNeg    . . .        h - +0 scale mail
rPois   .            (no helmet)
rElec   .            i - +0 cloak
rCorr   .            (no gloves)
SInv    .            (no boots)
Will    .....        (no amulet)
Stlth   +            (no ring)
HPRegen 0.22/turn    (no ring)
MPRegen 0.09/turn

%: no passive effects
@: no status effects
A: no striking features
a: no special abilities


You were on level 1 of the Dungeon.
You visited 1 branch of the dungeon, and saw 2 of its levels.

You collected 66 gold pieces.


   Skills:
 - Level 1.5 Fighting
 + Level 6.4 Ranged Weapons
 - Level 2.4 Dodging
 - Level 1.2 Stealth


You had one spell level left.
You didn't know any spells.
Your spell library was empty.

Inventory:

Hand Weapons
 Y - a +1 shortbow (weapon)
Armour
 h - a +0 scale mail (worn)
 i - a +0 cloak (worn)
Scrolls
 f - a scroll of identify
Potions
 g - a potion of berserk rage {unknown}

Dungeon Overview and Level Annotations

Branches:
Dungeon (2/15)

Altars:

Annotations:
D:1 Terence


Message History

There is a stone staircase leading up here.
There are monsters nearby!
Waypoint 1 assigned to D:2.
You shoot an arrow.
The arrow hits Terence but does no damage.
A ball python comes into view.
You shoot an arrow.
The arrow hits Terence but does no damage.
You shoot an arrow. The arrow hits Terence.
Terence is moderately wounded.
A worm comes into view.
You shoot an arrow. The arrow hits Terence.
Terence is heavily wounded.
You shoot an arrow. The arrow barely misses Terence.
Terence hits you with a +3 hand axe. The hobgoblin barely misses you.
The ball python bites you but does no damage.
The ball python grabs you. The ball python constricts you.
Terence hits you with a +3 hand axe.
The hobgoblin hits you but does no damage.
You shoot an arrow. The arrow hits the ball python.
You kill the ball python!
Terence hits you with a +3 hand axe!
Ouch! That really hurt!
The frilled lizard bites you but does no damage.
The hobgoblin hits you but does no damage.
697 ||| STAIRDANCE Terence says, "How do you enjoy it?"
Terence barely misses you.
The hobgoblin hits you but does no damage.
The frilled lizard barely misses you.
You climb upwards.
There is a stone staircase leading down here.
Enter note:
Enter note:
Enter note: You shoot an arrow.
The arrow closely misses Terence.
The hobgoblin hits you but does no damage.
Terence completely misses you.
The frilled lizard bites you but does no damage.
The hobgoblin hits you.
You die...

###.......## ######..###.. ###
##.#....# #.........#.. ..#
#.#....# #.####..#.#.. #.####
#......# #.####....... .....#
###...## #.........#.. ####.#
#...# #..###....### ###.#
#...#####..##..#.....
##.#.########..g##......#.....##.
#....#.........l@@......#.#...##.
##.#...........>..............%..
.....#.......................###.
#.#..########...##.###..#.#...##.
.....# #...##......#...#....
#.##.# #...######.##..###.##
.....# #...# #.###..#..# #....#
##?..### #.####...### ######
#¤¤¤...####.......#...


You could see Terence, a hobgoblin and a frilled lizard.

Vanquished Creatures
  A dart slug (D:1)
  3 ball pythons
  2 hobgoblins (D:1)
  2 quokkas (D:1)
  2 bats (D:1)
  A frilled lizard (D:1)
  11 rats (D:1)
22 creatures vanquished.

Notes
Turn   | Place    | Note
-------+----------+-------------------------------------------
     0 | D:1      | qw the Deep Elf Hunter began the quest for the Orb.
     0 | D:1      | Reached XP level 1. HP: 12/12 MP: 3/3
     0 | D:1      | 0 ||| qw: Version: 0.3-a-9-g12657ce
     0 | D:1      | 0 ||| qw: Game counter: 2797
     0 | D:1      | 0 ||| qw: Always use a shield: true
     0 | D:1      | 0 ||| qw: God list: Okawaru
     0 | D:1      | 0 ||| qw: Allow faded altars: false
     0 | D:1      | 0 ||| qw: Do Orc after D:15 true
     0 | D:1      | 0 ||| qw: Do second Lair branch before Depths: true
     0 | D:1      | 0 ||| qw: Lair rune preference: random
     0 | D:1      | 0 ||| qw: Plans: Normal
     0 | D:1      | 0 ||| PLANNING D:1-11
   193 | D:1      | Reached XP level 2. HP: 16/16 MP: 4/4
   219 | D:1      | Reached skill level 6 in Ranged Weapons
   657 | D:1      | 657 ||| UPGRADING to +0 scale mail.
   667 | D:1      | 667 ||| DROPPING +0 leather armour.
   668 | D:1      | 668 ||| UPGRADING to +0 cloak.
   673 | D:1      | 673 ||| READING scroll labelled TAERYC MUUDAUFESS.
   674 | D:1      | 674 ||| READING scroll labelled VOFEOMN SULA.
   675 | D:1      | 675 ||| READING 2 scrolls labelled VYBONI TUQERO.
   676 | D:1      | 676 ||| READING scroll labelled CEOPTY SOTAXA.
   680 | D:1      | 680 ||| READING scroll labelled WEPTI SULIWK.
   681 | D:1      | 681 ||| DROPPING scroll of butterflies.
   690 | D:2      | Noticed Terence
   696 | D:2      | HP: 1/16 [Terence/+3 hand axe (9)]
   697 | D:2      | 697 ||| STAIRDANCE
   699 | D:1      | Slain by a hobgoblin

Levels and vault maps discovered:
D:1:      scummos_arrival_simple_crosswalls, layout_loops_cross,
          minmay_rat_gold_closets
D:2:      layout_basic, basic_altar, grunt_ministairs_14, uniq_terence

Skill      XL: |  1  2 |
---------------+-------+-----
Ranged Weapons | 6 |  6.4
Fighting       | |  1.5
Dodging        | |  2.4
Stealth        | |  1.2

Action                     || total
---------------------------++-------
   Fire: Shortbow          ||    51
    Use: Scroll            ||     5
 Armour: Leather armour    ||     4
         Scale mail        ||     7
  Dodge: Dodged            ||    10

Table legend:
 A = Non-vault XP
 B = Vault XP
 C = Vault XP percentage of total XP
 D = Non-vault monster count
 E = Vault monster count
 F = Vault count percentage of total count
                 A         B        C        D         E       F
            +---------+---------+-------+---------+---------+-------
      Total |      24 |       8 |  25.0 |      14 |       8 |  36.4
            +---------+---------+-------+---------+---------+-------
        D:1 |      23 |       8 |  25.8 |      13 |       8 |  38.1
        D:2 |       1 |       0 |   0.0 |       1 |       0 |   0.0
            +---------+---------+-------+---------+---------+-------
